 Dungeon Crawl Stone Soup version 0.26-a0-651-gb41185065b (webtiles) character file.

Game seed: 8092753152628010856

247 kae the Changer (level 6, -5/51 HPs)
             Began as a Naga Transmuter on Oct 30, 2020.
             Slain by a gnoll
             ... wielding a +0 halberd
              (12 damage)
             ... on level 4 of the Dungeon.
             The game lasted 00:03:32 (4969 turns).

kae the Changer (Naga Transmuter)                   Turns: 4969, Time: 00:03:33

Health: -5/51      AC:  3    Str: 14    XL:     6   Next: 11%
Magic:  2/9        EV:  9    Int: 13    God:
Gold:   167        SH:  0    Dex: 12    Spells: 5/9 levels left

rFire    . . .     SeeInvis +     - Unarmed
rCold    . . .     Faith    .   (no shield)
rNeg     . . .     Spirit   .   a - +0 robe
rPois    +         Reflect  .   (no helmet)
rElec    .         Harm     .   (no cloak)
rCorr    .         Rampage  .   (no gloves)
MR       .....                  (no barding)
Stlth    +.........             (no amulet)
HPRegen  0.17/turn              (no ring)
MPRegen  0.11/turn              (no ring)

@: short of breath, very slightly contaminated, heavily drained, very slow
A: large, see invisible, deformed body, poison resistance, slowness 2, spit
poison 1, AC +2
a: Spit Poison


You were on level 4 of the Dungeon.
You visited 1 branch of the dungeon, and saw 4 of its levels.

You collected 167 gold pieces.

Inventory:

Armour
 a - a +0 robe (worn)
Jewellery
 b - a +6 ring of dexterity {unknown}
Scrolls
 d - a scroll of amnesia
 f - 4 scrolls of remove curse


   Skills:
 - Level 1.0(0.0) Fighting
 - Level 1.5(0.0) Dodging
 + Level 4.4(2.7) Unarmed Combat
 - Level 2.0(0.4) Spellcasting
 * Level 5.0(3.2) Transmutations
 + Level 2.0(0.4) Poison Magic


You had 5 spell levels left.
You knew the following spells:

 Your Spells              Type           Power        Failure   Level
a - Beastly Appendage     Tmut           #.....       8%          1
b - Spider Form           Tmut/Pois      #.........   38%         3

Your spell library contained the following spells:

 Spells                   Type           Power        Failure   Level
 Wereblood                Tmut           #.......     12%         2
 Ice Form                 Ice/Tmut       #.......     83%         4
 Blade Hands              Tmut           #.........   91%         5


Dungeon Overview and Level Annotations

Branches:
Dungeon (4/15)
 Temple: D:4-7

Altars:
Nemelex Xobeh
Qazlal
Xom

Annotations:
D:1 1 runed translucent door


Innate Abilities, Weirdness & Mutations

You cannot wear boots.
Your serpentine skin is tough. (AC +2)
You have supernaturally acute eyesight. (SInv)
Armour fits poorly on your strangely shaped body.
Your system is resistant to poisons. (rPois)
You cover ground very slowly.
You can spit poison.


Message History

The gnoll hits you from afar with a +0 halberd!
The gnoll barely misses you.
Press: ? - help, Shift-Dir - straight line, f - gnoll
Aim: a gnoll, wielding a +0 whip (almost dead, fast)
The splash of poison hits the gnoll!
The gnoll is poisoned.
You kill the gnoll!
Your base Transmutations skill increases to level 5!
Your base Poison Magic skill increases to level 2!
The gnoll hits you from afar with a +0 halberd!
* * * LOW HITPOINT WARNING * * *
You aren't carrying any potions.
Okay, then.
Your horns disappear.
The gnoll hits you with a +0 halberd.
* * * LOW HITPOINT WARNING * * *
Items here: )) [ †.
You hit the gnoll.
The gnoll is lightly wounded.
The gnoll hits you with a +0 halberd!
You die...

#...###...#......
##.###..........
...##........>##
##.##......#.##
..##.#...(..#
#.######.# #. #.#
#(##########
#....@g....#
##########.#


You could see a gnoll.

Vanquished Creatures
  A bullfrog skeleton (D:4)
  A gnoll shaman (D:4)
  Jessica (D:2)
  Terence (D:2)
  2 gnolls (D:4)
  3 adders
  2 oozes (D:2)
  2 worms
  3 dart slugs (D:1)
  5 leopard geckos
  An orc (D:4)
  A ball python (D:1)
  A giant cockroach (D:2)
  12 goblins
  9 hobgoblins
  2 jackals (D:2)
  5 kobolds
  A quokka (D:2)
  7 bats
  3 frilled lizards
  10 rats
73 creatures vanquished.

Notes
Turn   | Place    | Note
-------+----------+-------------------------------------------
     0 | D:1      | kae the Naga Transmuter began the quest for the Orb.
     0 | D:1      | Reached XP level 1. HP: 18/18 MP: 3/3
     1 | D:1      | Found a runed translucent door.
   617 | D:1      | Reached XP level 2. HP: 25/25 MP: 3/5
  1014 | D:1      | Reached skill level 3 in Transmutations
  1014 | D:1      | Reached XP level 3. HP: 18/31 MP: 4/6
  1019 | D:1      | Learned a level 3 spell: Spider Form
  1856 | D:2      | Noticed an earth elemental
  1863 | D:2      | Found a stormy altar of Qazlal.
  1864 | D:2      | Noticed a water elemental
  1864 | D:2      | Noticed an air elemental
  1864 | D:2      | Noticed a fire elemental
  2236 | D:2      | Noticed Terence
  2241 | D:2      | Reached XP level 4. HP: 35/38 MP: 3/7
  2254 | D:2      | Killed Terence
  2254 | D:2      | Reached skill level 4 in Transmutations
  2403 | D:2      | Noticed Jessica
  2415 | D:2      | Killed Jessica
  2415 | D:2      | Reached XP level 5. HP: 42/44 MP: 4/8
  2442 | D:2      | HP: 1/44 [kobold/+2 dagger of draining (4)]
  3922 | D:3      | Found a sparkling altar of Nemelex Xobeh.
  4322 | D:3      | Found a shimmering altar of Xom.
  4343 | D:3      | Reached skill level 1 in Poison Magic
  4963 | D:4      | Reached XP level 6. HP: 38/51 MP: 1/9
  4967 | D:4      | Reached skill level 5 in Transmutations
  4969 | D:4      | Slain by a gnoll

Illustrated notes

Levels and vault maps discovered:
D:1:      dpeg_arrival_caged_fury, layout_loops_corners,
          corexii_leaking_fountain, minmay_crystal_water
D:2:      kennysheep_the_goblin_king, layout_basic, grunt_ministairs_7,
          nicolae_qazlal_style_of_elements, uniq_jessica, uniq_terence
D:3:      layout_basic, overflow_temple_1_default, marbit_many_paths,
          corexii_corridor_pit
D:4:      layout_loops_ring, gammafunk_temple_overflow_pools,
          okawaru_metal_pillars_3, yredelemnul_forgotten_temple_becter,
          minmay_temple_entry_tees, nicolae_ossuary_entry_monument, uniq_edmund

Skill      XL: |  1  2  3  4  5  6 |
---------------+-------------------+-----
Transmutations | 3 4 5 |  5.0
Unarmed Combat | 4 |  4.4
Poison Magic   | 1 2 |  2.0
Fighting       | |  1.0
Dodging        | |  1.5
Spellcasting   | |  2.0

Action                   |  1- 3 |  4- 6 || total
-------------------------+-------+-------++-------
Melee: Unarmed           |   101 |   180 ||   281
       Headbutt          |    13 |    15 ||    28
 Cast: Beastly Appendage |    25 |    18 ||    43
       Spider Form       |     1 |       ||     1
 Abil: Spit Poison       |     3 |    15 ||    18
  Use: Scroll            |     2 |     2 ||     4
       Potion            |       |     3 ||     3
 Stab: Sleeping          |     1 |       ||     1
Armor: Robe              |    19 |    32 ||    51
       Skin              |       |     1 ||     1
Dodge: Dodged            |    62 |   108 ||   170

Table legend: (Time is in decaauts)
 A = Elapsed time spent in this place.
 B = Non-inter-level travel time spent in this place.
 C = Inter-level travel time spent in this place.
 D = Time resting spent in this place.
 E = Time spent auto-exploring this place.
 F = Levels seen in this place.
 G = Mean time per level.
                   A        B        C        D        E       F      G
               +--------+--------+--------+--------+--------+-----+--------+
         Total |   5632 |   5588 |     44 |    415 |   4509 |   4 | 1408.0 |
       Dungeon |   5632 |   5588 |     44 |    415 |   4509 |   4 | 1408.0 |
               +--------+--------+--------+--------+--------+-----+--------+

Top non-repeatable levels by time:
     D:2: 2302 daAuts
     D:1: 1931 daAuts
     D:3: 1177 daAuts
     D:4: 220 daAuts
